 Dungeon Crawl Stone Soup version 0.19-a0-1365-gb34f4cb (webtiles) character file.

542 dorian the Slasher (level 6, -19/48 HPs)
             Began as a Demigod Skald on Sept 2, 2016.
             Demolished by Menkaure (22 damage)
             ... on level 5 of the Dungeon.
             The game lasted 00:07:47 (3936 turns).

dorian the Slasher (Demigod Skald)                  Turns: 3936, Time: 00:07:48

Health: -19/48     AC:  7    Str: 17    XL:     6   Next: 76%
Magic:  5/11       EV: 11    Int: 21    God:
Gold:   180        SH:  0    Dex: 17    Spells: 2 memorised, 5 levels left

rFire  . . .     SeeInvis .     a - +0 falchion
rCold  . . .     Gourm    .     b - +0 leather armour
rNeg   . . .     Faith    .     (no shield)
rPois  .         Spirit   .     f - +0 helmet
rElec  .         Dismiss  .     (no cloak)
rCorr  .         Reflect  .     (no gloves)
MR     .....     Harm     .     (no boots)
Stlth  +.........               (no amulet)
                                m - +3 ring of protection
                                x - +5 ring of intelligence

@: infused
A: high mp 1
a: no special abilities


You were on level 5 of the Dungeon.
You were hungry.

You visited 1 branch of the dungeon, and saw 5 of its levels.

You collected 180 gold pieces.

Inventory:

Hand Weapons
 a - a +0 falchion (weapon)
 u - a +1 dagger of chaos
Armour
 b - a +0 leather armour (worn)
 f - a +0 helmet (worn)
Jewellery
 l - an uncursed ring of flight
 m - a +3 ring of protection (right hand)
 x - a +5 ring of intelligence (left hand)
 y - a cursed -5 ring of dexterity {unknown}
Scrolls
 e - a scroll of enchant weapon {unknown}
 h - 2 scrolls of noise {unknown}
 n - 3 scrolls of identify {unknown}
 p - 2 scrolls of teleportation {unknown}
 q - 2 scrolls of remove curse {unknown}
 r - 2 scrolls of random uselessness {unknown}
 s - 2 scrolls of immolation {unknown}
 t - 4 scrolls of magic mapping {unknown}
Potions
 g - a potion of brilliance
 i - 3 potions of flight {unknown}
 o - a potion of heal wounds {unknown}
 v - a potion of lignification
 w - a potion of haste
 z - a potion of berserk rage {unknown}
Books
 c - a book of Battle

   Spells                             Type                      Level
   a - Infusion                       Charms                       1
   b - Shroud of Golubria             Charms/Translocation         2
   c - Song of Slaying                Charms                       2
   d - Spectral Weapon                Hexes/Charms                 3
   e - Regeneration                   Charms/Necromancy            3
Comestibles
 d - 2 bread rations
 j - 2 meat rations


   Skills:
 - Level 1.7 Fighting
 * Level 5.8 Long Blades
 - Level 0.8 Armour
 - Level 0.8 Dodging
 - Level 1.7 Spellcasting
 + Level 4.7 Charms


You had 5 spell levels left.
You knew the following spells:

 Your Spells              Type           Power        Failure   Level  Hunger
a - Infusion              Chrm           ###.         2%          1    #......
b - Shroud of Golubria    Chrm/Tloc      ##........   12%         2    ###....


Dungeon Overview and Level Annotations

Branches:
Dungeon (5/15)
 Temple: D:4-7

Shops:
D:5 :

Annotations:
D:5 Menkaure


Innate Abilities, Weirdness & Mutations

You have an increased reservoir of magic. (+10% MP)


Message History

You aren't carrying any items that you can evoke.
Okay, then.
You hit Menkaure.
Menkaure is lightly damaged.
Menkaure closely misses you.
You riposte.
You hit Menkaure.
Menkaure is moderately damaged.
You hit Menkaure.
Menkaure is moderately damaged.
Menkaure calls on the powers of darkness!
Your body is wracked with pain!
You hit Menkaure.
Menkaure is heavily damaged.
Menkaure hits you!!
* * * LOW HITPOINT WARNING * * *
You are too injured to fight recklessly!
You are too injured to fight recklessly!
You hit Menkaure.
Menkaure is heavily damaged.
Menkaure hits you!!
You die...

(..............# #.# #..
..............)####.#####.
...............#..........
...............#).........
#.#...#.#.................
#.#..<#.#.................
#....##.#.........#.......
#.... [.#.###.....########
#....####@# #.....# #.
#....'..M.# #.....# #.
......###### #.....# #.
..... #.....# #. ....
#.....# ## ##. ####### #


You could see Menkaure.

Vanquished Creatures
  A sky beast (D:5)
  An ogre (D:5)
  4 crimson imps (D:3)
  A giant frog zombie (D:5)
  A centaur skeleton (D:5)
  A giant frog skeleton (D:5)
  Robin (D:2)
  An adder (D:3)
  3 oozes
  An adder skeleton (D:3)
  4 worms
  2 dart slugs
  2 giant geckos
  An orc (D:3)
  A giant cockroach (D:2)
  17 goblins
  7 hobgoblins
  14 jackals
  A ball python (D:3)
  A ball python zombie (D:5)
  6 bats
  5 giant newts
  8 kobolds
  6 rats
90 creatures vanquished.

Notes
Turn   | Place    | Note
-------+----------+-------------------------------------------
     0 | D:1      | dorian the Demigod Skald began the quest for the Orb.
     0 | D:1      | Reached XP level 1. HP: 17/17 MP: 5/5
   118 | D:1      | Reached skill level 2 in Long Blades
   154 | D:1      | Reached XP level 2. HP: 23/24 MP: 7/7
   896 | D:2      | Reached XP level 3. HP: 18/29 MP: 8/8
   922 | D:2      | Noticed Robin
  1055 | D:1      | Learned a level 2 spell: Shroud of Golubria
  1062 | D:1      | Reached skill level 3 in Long Blades
  1130 | D:2      | Killed Robin
  1596 | D:2      | Reached XP level 4. HP: 36/36 MP: 1/9
  2046 | D:3      | Found a shadowy altar of Dithmenos.
  2047 | D:3      | Found an ancient bone altar of Kikubaaqudgha.
  2153 | D:3      | Found a shimmering altar of Xom.
  2282 | D:3      | Reached skill level 4 in Long Blades
  2343 | D:3      | Reached XP level 5. HP: 23/41 MP: 10/10
  2813 | D:3      | HP: 1/41 [crimson imp (3)]
  3119 | D:3      | Found a burning altar of Makhleb.
  3369 | D:4      | Noticed a phantom
  3383 | D:5      | Entered Level 5 of the Dungeon
  3392 | D:5      | Found Wilijorch's Book Boutique.
  3419 | D:5      | Noticed an ogre
  3427 | D:5      | Killed an ogre
  3427 | D:5      | Reached skill level 5 in Long Blades
  3427 | D:5      | Reached XP level 6. HP: 36/48 MP: 4/11
  3924 | D:5      | Noticed Menkaure
  3935 | D:5      | HP: 2/48 [Menkaure (21)]
  3936 | D:5      | Demolished by Menkaure

Vault maps used:
D:1:      lordsloth_arrival_two_stooges, serial_forest,
          infiniplex_forest_lined_2, infiniplex_forest_lined_2,
          infiniplex_forest_lined_3, infiniplex_forest_clump_diagonal,
          infiniplex_forest_straight_5, infiniplex_forest_straight_5,
          infiniplex_forest_diagonal, infiniplex_forest_straight_4,
          infiniplex_forest_clump_tiny, infiniplex_forest_clump_curved
D:2:      uniq_robin
D:3:      overflow_temple_1_default, gammafunk_temple_overflow_statue,
          led_xom_imps
D:4:      first_bread, serial_shops, shop, lemuel_angel_altar
D:5:      serial_shops, nicolae_shop_waterfront, uniq_menkaure

Skill      XL: |  1  2  3  4  5 |
---------------+----------------+-----
Long Blades    | 2 3 4 5 |  5.8
Charms         | 3 4 |  4.7
Fighting       | |  1.7
Armour         | |  0.8
Dodging        | |  0.8
Spellcasting   | |  1.7

Action                   |  1- 3 |  4- 6 || total
-------------------------+-------+-------++-------
Melee: Falchion          |   216 |   309 ||   525
 Cast: Infusion          |     4 |     9 ||    13
       Shroud of Golubri |     4 |     4 ||     8
  Use: Potion            |       |     6 ||     6
 Stab: Sleeping          |     2 |     3 ||     5
  Eat: Chunk             |     3 |     3 ||     6
       Meat ration       |       |     1 ||     1
Armor: Leather armour    |    40 |    67 ||   107
Dodge: Dodged            |   106 |   104 ||   210
